 Dungeon Sprint DCSS version 0.29-a0-284-gf9362112df (webtiles) character file.

Game seed: 9188207148071747506

24600 mhtbhm the Phalangite (level 12, -13/204 HPs)
             Began as a Minotaur Berserker on Mar 28, 2022.
             Was the Champion of Trog.
             Succumbed to a death drake's dark miasma
             ... in the Dungeon (Sprint III: "The Ten Rune Challenge").
             The game lasted 00:08:57 (4319 turns).

mhtbhm the Phalangite (Minotaur Berserker)          Turns: 4319, Time: 00:08:57

Health: -13/204    AC: 11    Str: 27    XL:     12   Next: 82%
Magic:  11/11      EV: 19    Int:  4    God:    Trog [******]
Gold:   1501       SH:  0    Dex: 10    Spells: 11/11 levels left

rFire   + . .      SeeInvis .   q - +4 glaive (flame)
rCold   . . .      Faith    .   (shield currently unavailable)
rNeg    . . .      Spirit   .   b - +2 scale mail {rF+}
rPois   .          Reflect  .   (helmet restricted)
rElec   +          Harm     .   u - scarf {shadows}
rCorr   .          Rampage  .   (no gloves)
Will    .....      NoTele   +   (no boots)
Stlth   ..........              (no amulet)
HPRegen 0.44/turn               v - +4 ring of evasion
MPRegen 0.12/turn               (no ring)

@: berserking, lethally poisoned (-13 -> -138), slowed, very slow
A: horns 2, retaliatory headbutt, electricity resistance, sturdy frame 1
a: Renounce Religion, Berserk, Trog's Hand, Brothers in Arms


You were in the Dungeon.
You worshipped Trog.
Trog was exalted by your worship.
You visited 1 branch You collected 2456 gold pieces.
You spent 955 gold pieces at shops.

Inventory:

Hand Weapons
 a - the +6 bardiche "Vagh" {vorpal, rElec rC+}
   (Trog gifted it to you in the Dungeon)

   It inflicts extra damage upon your enemies.
   rC:        It protects you from cold.
   rElec:     It insulates you from electricity.
 q - a +4 glaive of flaming (weapon)
Missiles
 p - 7 javelins (quivered)
 r - 7 curare-tipped darts
Armour
 b - a +2 scale mail of fire resistance (worn)
 s - a +0 kite shield of reflection
 u - a scarf of shadows (worn)
Jewellery
 v - a +4 ring of evasion (left hand)
 x - a ring of fire
Wands
 n - a wand of mindburst (8)
 w - a wand of iceblast (9)
Scrolls
 h - a scroll of blinking
 j - a scroll of enchant armour
 k - 3 scrolls of identify
 m - 2 scrolls of holy word
 t - a scroll of brand weapon
Potions
 c - a potion of curing
 d - a potion of heal wounds
 e - a potion of haste
 f - 2 potions of magic
 g - a potion of berserk rage
 i - a potion of mutation
 l - 6 potions of flight
Miscellaneous
 o - a condenser vane


   Skills:
 + Level 21.1 Fighting
 + Level 24.5 Polearms
 + Level 1.4 Throwing
 + Level 11.2 Armour
 + Level 12.5 Dodging
 + Level 12.8 Stealth
 + Level 2.3 Evocations


You had 11 spell levels left.
You didn't know any spells.
Your spell library was empty.

Dungeon Overview and Level Annotations

Branches:
Dungeon (1/1)

Altars:
Cheibriados
Dithmenos
Elyvilon
Fedhas
Gozag
Hepliaklqana
Kikubaaqudgha
Makhleb
Nemelex Xobeh
Okawaru
Qazlal
Ru
Sif Muna
Trog
Uskayaw
Vehumet
Wu Jian
Xom
Yredelemnul
Zin
The Shining One
Beogh
Jiyva
Lugonu

Shops:
D *(!!*(*??:[=


Innate Abilities, Weirdness & Mutations

You have a pair of horns on your head.
You reflexively headbutt those who attack you in melee.
You are resistant to electric shocks. (rElec)
Your movements are slightly less encumbered by armour. (ER -2)


Message History

Your headbutt misses the death drake.
The death drake is moderately wounded.
You are engulfed in dark miasma.
You are more poisoned.
You feel very sick. The death drake completely misses you.
You furiously retaliate!
You headbutt the death drake, but do no damage.
Your unstable footing causes you to fumble your attack.
You are engulfed in dark miasma.
You are lethally poisoned!
* * * LOW HITPOINT WARNING * * *
You feel extremely sick.
Unknown command.
You closely miss the death drake. Your headbutt misses the death drake.
The death drake is moderately wounded.
You are engulfed in dark miasma.
You are more poisoned.
* * * LOW HITPOINT WARNING * * *
x2 You feel extremely sick.
The death drake bites you but does no damage.
Your unstable footing causes you to fumble your attack.
You are engulfed in dark miasma.
You are more poisoned.
You feel yourself slow down.
* * * LOW HITPOINT WARNING * * *
x2 You feel extremely sick.
The death drake bites you.
* * * LOW HITPOINT WARNING * * *
Unknown command.
You slice the death drake!! You burn the death drake!
The death drake is severely wounded.
You are engulfed in dark miasma.
You are more poisoned.
* * * LOW HITPOINT WARNING * * *
x2 You feel extremely sick.
The death drake misses you.
Your unstable footing causes you to fumble your attack.
You are engulfed in dark miasma.
You are more poisoned.
* * * LOW HITPOINT WARNING * * *
You die...

.#___#__'...#.#.§.#...#...##.#.#.
▓▓▓▓▓▓▓▓▓▓▓▓▓▓▓▓▓▓▓▓▓▓▓▓▓▓#.#.#.#
.....♣♣♣♣≈≈≈........≈≈≈...##.#.#.
†≈≈≈≈'♣♣'♣≈≈≈≈≈≈≈≈≈≈≈≈♣♣P.'.#.#.#
)....#.≈♣♣♣♣♣♣♣♣♣♣♣♣♣♣♣♣P.##)#.#.
♣♣♣♣♣#..♣♣ ♣♣♣##'####
###'♣♣♣♣♣♣♣♣♣♣♣♣♣♣***#...'.§ *
♣♣♣♣.##..##≈≈≈≈≈≈..*,,#...#.§ **
♣...##.##.#≈@≈≈≈...*,,#...#.# +*
♣♣.##.##.##†k≈≈≈≈##**+#####.# ,*
♣..#.##..)#≈≈.....,,,#.....# ****
♣♣)##.##.)#≈..+###***#....)# ,,,*
♣♣.##.#####...#,,,,,,#...))# ,,,*
♣.....#*,,....#***,_,#.....# ****
#######*+*#####******#'##### **
*,,,,,,,,,,,,*#.....+ ,*
*≈≈,,,,,,,,≈≈*#.#####


You could see a death drake.

Vanquished Creatures
  Donald (D)
  A bunyip (shapeshifter) (D)
  Josephine (D)
  A yaktaur captain (D)
  A fire dragon (D)
  2 hydras (D)
  4 dancing weapons (D)
  2 centaur warriors (D)
  3 orc high priests (D)
  Urug (D)
  4 skeletal warriors (D)
  2 deep elf zephyrmancers (D)
  An orange crystal statue (D)
  A lindwurm (D)
  3 deep elf pyromancers (D)
  An orc knight (D)
  2 cane toads (D)
  A rime drake (D)
  An unseen horror (D)
  A komodo dragon (D)
  3 wandering mushrooms (D)
  A queen bee (D)
  4 spriggan defenders (D)
  2 tyrant leeches (D)
  5 blink frogs (D)
  A slime creature (D)
  A shadow (D)
  3 redbacks (D)
  A spatial vortex (D)
  2 orc warriors (D)
  A swamp drake (D)
  2 centaurs (D)
  An earth elemental (D)
  A necrophage (D)
  A scorpion (D)
  A water elemental (D)
  23 killer bees (D)
  An electric eel (D)
  4 orc priests (D)
  A jelly (D)
  A wizard (D)
  A necromancer (D)
  An orc wizard (D)
  3 humans (D)
  A kobold demonologist (D)
  11 orcs (D)
  A goblin (shapeshifter) (D)
  4 rats (D)
  3 bushes (D)
119 creatures vanquished.

Vanquished Creatures (collateral kills)
  Frances (D)
  6 killer bees (D)
7 creatures vanquished.

Vanquished Creatures (others)
  A deep elf pyromancer (D)
  3 killer bees (D)
  2 bushes (D)
  12 plants (D)
18 creatures vanquished.

Grand Total: 144 creatures vanquished

Notes
Turn   | Place    | Note
-------+----------+-------------------------------------------
     0 | D        | mhtbhm the Minotaur Berserker began the quest for the Orb.
     0 | D        | Reached XP level 1. HP: 19/19 MP: 0/0
    28 | D        | Reached ** piety under Trog
    29 | D        | Reached skill level 4 in Polearms
    46 | D        | Noticed a scorpion
    55 | D        | Killed a scorpion
    56 | D        | Reached skill level 6 in Polearms
    56 | D        | Reached XP level 2. HP: 16/31 MP: 1/1
    56 | D        | Reached XP level 3. HP: 20/38 MP: 2/2
    57 | D        | Reached skill level 7 in Polearms
    57 | D        | Reached XP level 4. HP: 24/47 MP: 3/3
    74 | D        | Gained mutation: Your movements are slightly less
                  | encumbered by armour. (ER -2) [potion of mutation]
    74 | D        | Gained mutation: You are resistant to electric shocks.
                  | (rElec) [potion of mutation]
   306 | D        | Noticed a water elemental
   310 | D        | Killed a water elemental
   310 | D        | Reached *** piety under Trog
   311 | D        | Reached skill level 8 in Polearms
   377 | D        | Found a basalt altar of Yredelemnul.
   377 | D        | Found a shadowy altar of Dithmenos.
   377 | D        | Found a sacrificial altar of Ru.
   377 | D        | Noticed a necrophage
   381 | D        | Killed a necrophage
   382 | D        | Reached skill level 9 in Polearms
   382 | D        | Reached XP level 5. HP: 49/56 MP: 4/4
   385 | D        | Reached skill level 5 in Armour
   499 | D        | Found a radiant altar of Vehumet.
   499 | D        | Found a shimmering blue altar of Sif Muna.
   499 | D        | Found an ancient bone altar of Kikubaaqudgha.
   500 | D        | Reached **** piety under Trog
   501 | D        | Reached skill level 10 in Polearms
   501 | D        | Reached skill level 5 in Dodging
   573 | D        | Found a glowing silver altar of Zin.
   573 | D        | Found a glowing golden altar of the Shining One.
   573 | D        | Found a white marble altar of Elyvilon.
   575 | D        | Noticed a deep elf pyromancer
   580 | D        | Killed a deep elf pyromancer
   581 | D        | Reached skill level 13 in Polearms
   581 | D        | Reached skill level 1 in Stealth
   581 | D        | Reached XP level 6. HP: 69/69 MP: 5/5
   581 | D        | Reached XP level 7. HP: 75/75 MP: 6/6
   642 | D        | Found a hide-covered altar of Uskayaw.
   642 | D        | Found an iron altar of Okawaru.
   642 | D        | Found a bloodstained altar of Trog.
   642 | D        | Found an ornate altar of the Wu Jian Council.
   642 | D        | Noticed a human
   642 | D        | Noticed a human
   651 | D        | Killed a human
   651 | D        | Reached ***** piety under Trog
   653 | D        | Killed a human
   721 | D        | Noticed a shadow
   738 | D        | Reached skill level 14 in Polearms
   743 | D        | Killed a shadow
   744 | D        | Reached XP level 8. HP: 66/85 MP: 7/7
   904 | D        | Found a blossoming altar of Fedhas.
   904 | D        | Found a stormy altar of Qazlal.
   904 | D        | Found a snail-covered altar of Cheibriados.
   904 | D        | Found a burning altar of Makhleb.
   904 | D        | Found a shimmering altar of Xom.
   905 | D        | Found a hazy altar of Hepliaklqana.
   905 | D        | Found an opulent altar of Gozag.
   905 | D        | Found a sparkling altar of Nemelex Xobeh.
   905 | D        | Found a corrupted altar of Lugonu.
   905 | D        | Found a viscous altar of Jiyva.
   935 | D        | Noticed Josephine
   944 | D        | Killed Josephine
   945 | D        | Reached skill level 15 in Polearms
  1057 | D        | Reached skill level 16 in Polearms
  1057 | D        | Reached XP level 9. HP: 70/95 MP: 8/8
  1160 | D        | Noticed a centaur warrior
  1169 | D        | Killed a centaur warrior
  1171 | D        | Reached skill level 15 in Fighting
  1330 | D        | Killed an unseen horror
  1330 | D        | Received a gift from Trog
  1331 | D        | Reached skill level 17 in Polearms
  1493 | D        | Noticed a wandering mushroom
  1497 | D        | Noticed a wandering mushroom
  1505 | D        | Killed a wandering mushroom
  1506 | D        | Noticed a wandering mushroom
  1513 | D        | Killed a wandering mushroom
  1519 | D        | Killed a wandering mushroom
  1519 | D        | Reached ****** piety under Trog
  1586 | D        | Noticed a cane toad
  1586 | D        | Noticed a komodo dragon
  1586 | D        | Noticed a cane toad
  1588 | D        | Killed a cane toad
  1589 | D        | Reached skill level 10 in Dodging
  1589 | D        | Reached skill level 5 in Stealth
  1589 | D        | Reached XP level 10. HP: 107/107 MP: 3/9
  1591 | D        | Killed a cane toad
  1592 | D        | Reached skill level 18 in Polearms
  1863 | D        | Received a gift from Trog
  2160 | D        | Noticed a lindwurm
  2167 | D        | Killed a lindwurm
  2168 | D        | Reached skill level 19 in Polearms
  2233 | D        | Noticed Urug
  2235 | D        | Killed Urug
  2306 | D        | Received a gift from Trog
  2308 | D        | Reached skill level 20 in Polearms
  2390 | D        | Noticed an orc high priest
  2390 | D        | Noticed an orc knight
  2391 | D        | Found Fisaisoh's General Store.
  2392 | D        | Noticed a soul eater
  2392 | D        | Received a gift from Trog
  2393 | D        | Received a gift from Trog
  2395 | D        | Reached XP level 11. HP: 118/118 MP: 3/10
  2397 | D        | Killed an orc knight
  2397 | D        | Killed an orc high priest
  2494 | D        | Noticed a deep elf zephyrmancer
  2494 | D        | Noticed a deep elf pyromancer
  2494 | D        | Noticed a deep elf zephyrmancer
  2494 | D        | Noticed a deep elf pyromancer
  2494 | D        | Noticed a deep elf pyromancer
  2505 | D        | Killed a deep elf zephyrmancer
  2510 | D        | Killed a deep elf pyromancer
  2510 | D        | Identified the +8 halberd of the Revolution {vorpal, rF+
                  | Stlth+} (Trog gifted it to you in the Dungeon)
  2510 | D        | Received a gift from Trog
  2511 | D        | Killed a deep elf pyromancer
  2512 | D        | Reached skill level 21 in Polearms
  2512 | D        | Killed a deep elf zephyrmancer
  2517 | D        | Killed a deep elf pyromancer
  2564 | D        | Identified the +6 spear "Eckiroh" {drain, rC+}
  2564 | D        | Noticed a deep elf annihilator
  2567 | D        | Noticed a deep elf pyromancer
  2622 | D        | Received a gift from Trog
  2626 | D        | Received a gift from Trog
  2635 | D        | Received a gift from Trog
  2644 | D        | Reached skill level 1 in Evocations
  2646 | D        | Received a gift from Trog
  2648 | D        | Reached skill level 22 in Polearms
  2700 | D        | Noticed Donald
  2700 | D        | Noticed Frances
  2721 | D        | Killed Frances
  2722 | D        | Killed Donald
  2723 | D        | Reached skill level 10 in Stealth
  2940 | D        | Received a gift from Trog
  3080 | D        | Noticed an orange crystal statue
  3090 | D        | Killed an orange crystal statue
  3091 | D        | Reached XP level 12. HP: 130/130 MP: 0/11
  3099 | D        | Found Odeojil's Assorted Antiques.
  3099 | D        | Found Ytwojuynkee's Magic Scroll Shop.
  3099 | D        | Found Leczucun's Jewellery Shoppe.
  3099 | D        | Found Rogh's Weapon Boutique.
  3099 | D        | Found Yhawkor's Magic Scroll Emporium.
  3099 | D        | Found Butopni's Antique Armour Shop.
  3099 | D        | Found Nouphoq's Book Boutique.
  3100 | D        | Found Acook's General Store.
  3100 | D        | Found Reugrosch's Distillery.
  3100 | D        | Found Bathrel's Distillery.
  3100 | D        | Found Osait's Antique Weapon Emporium.
  3143 | D        | Bought a scroll of brand weapon for 240 gold pieces
  3144 | D        | Bought a scroll of identify for 26 gold pieces
  3144 | D        | Bought a scroll of identify for 26 gold pieces
  3144 | D        | Bought a scroll of identify for 26 gold pieces
  3147 | D        | Bought a scroll of enchant armour for 97 gold pieces
  3147 | D        | Bought a scroll of magic mapping for 45 gold pieces
  3151 | D        | Bought a runed scarf for 208 gold pieces
  3169 | D        | Bought a scroll of holy word for 172 gold pieces
  3169 | D        | Bought a glowing ruby ring for 115 gold pieces
  3212 | D        | Identified the +6 bardiche "Vagh" {vorpal, rElec rC+} (Trog
                  | gifted it to you in the Dungeon)
  3212 | D        | Received a gift from Trog
  3310 | D        | Noticed a centaur warrior
  3316 | D        | Killed a centaur warrior
  3317 | D        | Reached skill level 23 in Polearms
  3472 | D        | Noticed a fire dragon
  3480 | D        | Killed a fire dragon
  3554 | D        | Reached skill level 10 in Armour
  3567 | D        | Received a gift from Trog
  3920 | D        | Noticed a yaktaur captain
  3926 | D        | Noticed a bunyip
  3926 | D        | a slime creature changed into a bunyip
  3929 | D        | Killed a bunyip
  4050 | D        | Killed a yaktaur captain
  4100 | D        | Reached skill level 24 in Polearms
  4100 | D        | Received a gift from Trog
  4104 | D        | Reached skill level 1 in Throwing
  4112 | D        | Noticed an ancient lich
  4296 | D        | Noticed an eight-headed hydra
  4296 | D        | Noticed a five-headed hydra
  4302 | D        | Killed a six-headed hydra
  4306 | D        | Killed a three-headed hydra
  4306 | D        | Received a gift from Trog
  4319 | D        | HP: 6/204 [death drake] (5)]
  4319 | D        | Succumbed to a death drake's dark miasma

Illustrated notes

Levels and vault maps discovered:
D:        dungeon_sprint_mu [sprint_mu_entry_cave, sprint_mu_temple_rooms,
          sprint_mu_d1_horrors, sprint_mu_d2_genie, sprint_mu_d3_branching,
          sprint_mu_orc_legion, sprint_mu_elf_gauntlet, sprint_mu_hive_nellie,
          sprint_mu_lair_fedhas, sprint_mu_vaults_butterflies,
          sprint_mu_slime_circle, sprint_mu_swamp_cave, sprint_mu_shoals_kraken,
          sprint_mu_blade_basic, sprint_mu_crypt_lich, sprint_mu_tomb_spiral,
          sprint_mu_vestibule_basic, sprint_mu_gehenna_hellfire,
          sprint_mu_dis_giant, sprint_mu_tartarus_statrot,
          sprint_mu_cocytus_islands, sprint_mu_zot1]

Skill      XL: |  1  2  3  4  5  6  7  8  9 10 11 12 |
---------------+-------------------------------------+-----
Fighting       | 6 7 8 11 12 14 16 17 19 21 | 21.1
Polearms       | 6 7 9 13 14 16 17 20 22 24 | 24.5
Armour         | 3 4 6 7 8 9 11 | 11.2
Dodging        | 3 4 6 7 8 10 11 12 | 12.5
Stealth        | 1 3 5 7 10 12 | 12.8
Evocations     | 1 2 |  2.3
Throwing       | 1 |  1.4

Action                   |  1- 3 |  4- 6 |  7- 9 | 10-12 || total
-------------------------+-------+-------+-------+-------++-------
Melee: Spear             |    14 |    23 |    89 |       ||   126
       Headbutt          |     2 |     3 |    22 |    19 ||    46
       Punch             |       |     1 |     2 |       ||     3
       Glaive            |       |       |    16 |   153 ||   169
       Bardiche          |       |       |       |    58 ||    58
Throw: Javelin           |       |       |       |     3 ||     3
Invok: Berserk           |     1 |     3 |     5 |     7 ||    16
       Brothers in Arms  |       |       |       |     2 ||     2
Evoke: Condenser vane    |       |       |       |     3 ||     3
  Use: Potion            |       |     1 |       |     2 ||     3
       Scroll            |       |       |       |     3 ||     3
 Stab: Sleeping          |     1 |       |     3 |     8 ||    12
       Confused          |       |       |       |     6 ||     6
       Distracted        |       |       |       |     1 ||     1
Armor: Animal skin       |       |       |     3 |       ||     3
       Scale mail        |       |       |       |    14 ||    14
Dodge: Dodged            |     5 |     3 |    19 |    59 ||    86

Table legend: (Time is in decaauts)
 A = Elapsed time spent in this place.
 B = Non-inter-level travel time spent in this place.
 C = Inter-level travel time spent in this place.
 D = Time resting spent in this place.
 E = Time spent auto-exploring this place.
 F = Levels seen in this place.
 G = Mean time per level.
                   A        B        C        D        E       F      G
               +--------+--------+--------+--------+--------+-----+--------+
         Total |   4362 |   4362 |      0 |   2964 |    106 |   1 | 4362.0 |
       Dungeon |   4362 |   4362 |      0 |   2964 |    106 |   1 | 4362.0 |
               +--------+--------+--------+--------+--------+-----+--------+

Top non-repeatable levels by time:
       D: 4362 daAuts
